 Dungeon Crawl Stone Soup version 0.30-a0-368-g86fb4627a9 (webtiles) character file.

Game seed: 292433983191263029

11755 Bnni the Spear-Bearer (level 12, -5/94 HPs)
             Began as a Formicid Venom Mage on Nov 19, 2022.
             Was an Initiate of Yredelemnul.
             Slain by an ice beast (6 damage)
             ... summoned by Fannar
             ... on level 11 of the Dungeon.
             The game lasted 00:36:26 (11032 turns).

Bnni the Spear-Bearer (Formicid Venom Mage)        Turns: 11032, Time: 00:36:27

Health: -5/94      AC: 13    Str: 17    XL:     12   Next: 11%
Magic:  6/21       EV: 15    Int: 16    God:    Yredelemnul [......]
Gold:   612        SH:  9    Dex: 14    Spells: 10/21 levels left

rFire   . . .      SeeInvis +    B - +3 scythe (protect)
rCold   . . .      Faith    .    b - +0 buckler
rNeg    . . .      Spirit   .    g - +0 ring mail
rPois   .          Reflect  .    (helmet unavailable)
rElec   .          Harm     .    (no cloak)
rCorr   +          Rampage  .    (no gloves)
Will    +....                    (no boots)
Stlth   +.........               (no amulet)
HPRegen 0.35/turn                r - ring of resist corrosion
MPRegen 0.17/turn                I - +4 ring of evasion

@: under a protective aura
A: permanent stasis, dig shafts and tunnels, antennae 3, four strong arms, large
bone plates 1, high MP 1, subdued magic 1
a: Dig, Shaft Self, Renounce Religion, Recall Undead Harvest


You were on level 11 of the Dungeon.
You worshipped Yredelemnul.
Yredelemnul was noncommittal.
You visited 1 branch of the dungeon, and saw 11 of its levels.

You collected 612 gold pieces.

Inventory:

Hand Weapons
 c - a +0 trident
 i - a +0 bardiche
 q - a +1 short sword of electrocution
 B - a +3 scythe of protection (weapon)
Missiles
 d - 4 silver javelins
Armour
 b - a +0 buckler (worn)
 g - a +0 ring mail (worn)
 s - a +0 chain mail
Jewellery
 r - a ring of resist corrosion (left hand)
 y - an amulet of guardian spirit
 I - a +4 ring of evasion (right hand)
Wands
 m - a wand of flame (11)
 p - a wand of charming (4)
 C - a wand of iceblast (6)
Scrolls
 a - a scroll of immolation
 f - 4 scrolls of enchant armour {unknown}
 h - 3 scrolls of blinking {unknown}
 j - 3 scrolls of noise {unknown}
 k - a scroll of fog
 l - 4 scrolls of amnesia {unknown}
 n - a scroll of magic mapping
 t - 2 scrolls of summoning
 x - 3 scrolls of vulnerability
 A - 4 scrolls of poison
Potions
 e - 4 potions of mutation
 o - 4 potions of brilliance
 u - 6 potions of lignification
 v - 2 potions of heal wounds
 w - 2 potions of might {unknown}
 z - a potion of berserk rage {unknown}
 D - 3 potions of flight
 F - a potion of attraction {unknown}
 G - a potion of degeneration {unknown}
 H - a potion of resistance {unknown}


   Skills:
 + Level 8.7 Fighting
 * Level 10.4 Polearms
 - Level 7.0 Armour
 - Level 1.7 Dodging
 - Level 2.4 Stealth
 * Level 4.1 Shields
 - Level 5.0 Spellcasting
 - Level 3.0 Conjurations
 - Level 3.0 Transmutations
 - Level 3.0 Air Magic
 - Level 9.0 Poison Magic
 + Level 5.8 Invocations


You had 10 spell levels left.
You knew the following spells:

 Your Spells              Type           Power      Damage    Failure   Level
a - Sting                 Tmut/Pois      68%        1d6       1%          1
b - Olgreb's Toxic Radia  Pois           25%        N/A       6%          4
c - Mephitic Cloud        Conj/Pois/Air  15%        N/A       10%         3
d - Vhi's Electric Charg  Tloc/Air       12%        N/A       41%         3

Your spell library contained the following spells:

 Spells                   Type           Power      Damage    Failure   Level
 Poisonous Vapours        Pois/Air       34%        N/A       3%          2
 Cigotuvi's Dreadful Rot  Necr/Pois/Air  24%        N/A       7%          2
 Static Discharge         Conj/Air       20%        2-3/arc   12%         2
 Passwall                 Tmut/Erth      5%         N/A       22%         2
 Sandblast                Erth           6%         2d5       26%         1
 Ensorcelled Hibernation  Hex/Ice        6%         N/A       38%         2
 Scorch                   Fire           6%         2d5       38%         2
 Sublimation of Blood     Necr           3%         N/A       38%         2
 Dazzling Flash           Conj/Hex       12%        N/A       41%         3
 Stone Arrow              Conj/Erth      12%        3d7       41%         3
 Kindle Blastsparks       Fire/Tloc/Air  10%        2d10      47%         3
 Ozocubu's Armour         Ice            3%         N/A       63%         3
 Flame Wave               Conj/Fire      6%         2d5       83%         4
 Fulminant Prism          Conj/Hex       3%         3d5       83%         4
 Iskenderun's Mystic Bla  Conj/Tloc      6%         2d4       83%         4
 Petrify                  Tmut/Erth      6%         N/A       83%         4
 Arcjolt                  Conj/Air       5%         1d15      92%         5
 Irradiate                Conj/Tmut      5%         3d13      92%         5
 Lightning Bolt           Conj/Air       5%         1d17      92%         5
 Anguish                  Hex/Necr       1%         N/A       96%         4
 Silence                  Hex/Air        3%         N/A       99%         5
 Agony                    Necr           3%         N/A       100%        5
 Lee's Rapid Deconstruct  Erth           1%         3d4*      100%        5
 Summon Cactus Giant      Summ           1%         N/A       100%        6
 Enfeeble                 Hex            1%         N/A       100%        7
 Ozocubu's Refrigeration  Ice            1%         4d7       100%        7
 Swiftness                Air            Unusable   N/A       N/A         3

Dungeon Overview and Level Annotations

Branches:
Dungeon (11/15)            Temple (0/1) D:6            Lair (0/5) D:8
    Orc: D:9-12

Altars:
Ashenzari
Kikubaaqudgha
Nemelex Xobeh
Okawaru
Sif Muna
Uskayaw
Wu Jian
Xom
Yredelemnul

Shops:
D:1 (   D:10 !

Annotations:
D:11 Fannar


Innate Abilities, Weirdness & Mutations

You cannot be hasted, slowed, berserked, paralysed or teleported.
You can dig through walls and to a lower floor.
You have a pair of large antennae on your head. (SInv)
Your four strong arms can wield two-handed weapons with a shield.
You are partially covered in large bone plates. (SH +4)
You have an increased reservoir of magic. (+10% MP)
Your spells are a little easier to cast, but a little less powerful.


Message History

Throw: dart (curare)
Press: ? - help, Shift-Dir - straight line, f/p - Fannar
Aim: Fannar, wielding a staff of cold and wearing a +1 robe of cold resistance (heavily wounded, very poisoned, 46% to hit)
You throw a curare-tipped dart. The curare-tipped dart hits Fannar.
Fannar looks as sick as possible!
Fannar convulses.
Fannar seems to slow down.
Fannar is heavily wounded.
The ice beast barely misses you. Fannar hits you with a staff of cold.
Fannar freezes you!
* * * LOW HITPOINT WARNING * * *
Unknown command.
Okay, then.
You feel much better. You block the ice beast's attack.
The ice beast hits you but does no damage.
Okay, then.
Press: ? - help, v - describe, . - travel, g - get item
Here: Fannar, wielding a staff of cold and wearing a +1 robe of cold resistance (severely wounded, extremely poisoned, slow) Item here: a curare-tipped dart.
The floor.
Unknown command.
You impale Fannar!!
Fannar is almost dead.
The ice beast hits you but does no damage.
Fannar gestures wildly while chanting.
Fannar drains the heat from the surrounding environment!
The ice beast hits you but does no damage.
The ice beast hits you. The ice beast freezes you!
* * * LOW HITPOINT WARNING * * *
You barely miss Fannar.
Fannar is almost dead.
The ice beast hits you but does no damage.
Fannar hits you with a staff of cold.
* * * LOW HITPOINT WARNING * * *
Fannar freezes you!
* * * LOW HITPOINT WARNING * * *
The ice beast hits you.
* * * LOW HITPOINT WARNING * * *
The ice beast freezes you.
You die...
Your body rises from the dead as a mindless zombie.

##.Z##.Z##
###### ....#
###.###.....>
..... #Z.....#
#### ##...###
#######...#
#.........#
#..##......#
##[....#
#@....#
#.....eYY....#
##........##...
#......### #..#
#..(...## ..#
..##... . #..#
..#


You could see Fannar (very poisoned, slow) and 2 ice beasts.

Vanquished Creatures
  A boulder beetle (D:11)
  An ugly thing (D:11)
  A cyclops (D:11)
  2 unseen horrors
  A komodo dragon (D:11)
  A troll (D:10)
  2 hornets
  Sigmund (D:5)
  15 yaks
  2 wyverns (D:8)
  A steam dragon (D:8)
  2 acid dragons
  2 water moccasins (D:8)
  Duvessa (D:6)
  4 orc warriors
  An ice beast (D:7)
  2 sky beasts
  A black bear (D:6)
  2 ogres
  3 centaurs
  2 kobold brigands (D:7)
  3 phantoms
  A gnoll sergeant (D:7)
  2 bullfrogs (D:7)
  3 scorpions
  2 wights (D:8)
  Dowan (D:6)
  13 killer bees
  The ghost of Anamonty the Grasshopper, a weakling BaWr (D:3)
  A howler monkey (D:9)
  3 crimson imps (D:10)
  A bullfrog zombie (D:3)
  3 hounds
  2 orc priests
  A bullfrog skeleton (D:3)
  Ijyb (D:3)
  2 iguanas
  9 orc wizards
  A killer bee zombie (D:3)
  8 gnolls
  2 adders
  3 white imps
  2 ufetubi (D:5)
  4 worms
  4 dart slugs
  24 orcs
  6 endoplasms
  2 giant cockroaches
  6 goblins
  7 hobgoblins
  6 jackals
  7 quokkas
  5 ball pythons
  14 bats
  2 frilled lizards
  19 kobolds
  2 rats
221 creatures vanquished.

Vanquished Creatures (collateral kills)
  Joseph (D:10)
  A basilisk (D:8)
  7 yaks
  An orc warrior (D:9)
  A centaur (D:8)
  An ogre (D:7)
  A kobold brigand (D:9)
  A gnoll sergeant (D:9)
  2 bullfrogs
  A necrophage (D:8)
  A wight (D:8)
  A killer bee (D:10)
  A crimson imp (D:10)
  2 orc wizards
  2 gnolls (D:9)
  2 orcs
  4 kobolds
30 creatures vanquished.

Vanquished Creatures (others)
  A water moccasin zombie (D:8)
  4 yak zombies
  A scorpion zombie (D:6)
  5 killer bee zombies
  An ogre zombie (D:6)
  2 spectral crimson imps (D:10)
  A howler monkey zombie (D:9)
  A bat zombie (D:5)
  2 gnoll zombies (D:7)
  A kobold zombie (D:7)
  10 orc zombies
  3 fungi (D:8)
  6 plants (D:8)
38 creatures vanquished.

Grand Total: 289 creatures vanquished

Notes
Turn   | Place    | Note
-------+----------+-------------------------------------------
     0 | D:1      | Bnni the Formicid Venom Mage began the quest for the Orb.
     0 | D:1      | Reached XP level 1. HP: 13/13 MP: 3/3
   144 | D:1      | Reached XP level 2. HP: 14/19 MP: 1/5
   599 | D:1      | Reached XP level 3. HP: 21/25 MP: 4/6
   617 | D:1      | Found Hibel's Weapon Boutique.
  1067 | D:2      | Found a hide-covered altar of Uskayaw.
  1117 | D:2      | Reached skill level 1 in Fighting
  1439 | D:2      | Reached XP level 4. HP: 30/32 MP: 2/7
  1524 | D:2      | Reached skill level 5 in Poison Magic
  1533 | D:2      | Learned a level 4 spell: Olgreb's Toxic Radiance
  1866 | D:2      | Reached skill level 1 in Armour
  2146 | D:3      | Noticed Ijyb
  2167 | D:3      | Gained mutation: You are partially covered in large bone
                  | plates. (SH +4) [potion of mutation]
  2167 | D:3      | Gained mutation: Your spells are a little easier to cast,
                  | but a little less powerful. [potion of mutation]
  2167 | D:3      | Gained mutation: You have an increased reservoir of magic.
                  | (+10% MP) [potion of mutation]
  2173 | D:3      | Killed Ijyb
  2174 | D:3      | Reached XP level 5. HP: 9/37 MP: 2/9
  2710 | D:3      | Found a runed translucent gate.
  2710 | D:3      | Found a runed translucent gate.
  2710 | D:3      | Found a runed translucent gate.
  2711 | D:3      | Noticed Anamonty's ghost (weakling BaWr)
  2743 | D:3      | Reached XP level 6. HP: 25/44 MP: 11/11
  2859 | D:3      | Killed Anamonty's ghost
  3253 | D:4      | Noticed an ogre
  3264 | D:4      | Killed an ogre
  3470 | D:4      | Reached XP level 7. HP: 47/51 MP: 8/13
  3992 | D:4      | Found a basalt altar of Yredelemnul.
  4000 | D:4      | Became a worshipper of Yredelemnul the Dark
  4136 | D:5      | Entered Level 5 of the Dungeon
  4206 | D:5      | Learned a level 3 spell: Mephitic Cloud
  4439 | D:5      | Reached * piety under Yredelemnul
  4568 | D:5      | Noticed Sigmund
  4578 | D:5      | Killed Sigmund
  4579 | D:5      | Reached skill level 1 in Polearms
  4579 | D:5      | Reached XP level 8. HP: 42/58 MP: 5/15
  4661 | D:5      | Found an ornate altar of the Wu Jian Council.
  4735 | D:5      | Found a shimmering blue altar of Sif Muna.
  4939 | D:5      | Reached ** piety under Yredelemnul
  4948 | D:5      | Reached *** piety under Yredelemnul
  5123 | D:6      | Found an iron altar of Okawaru.
  5131 | D:6      | Found a staircase to the Ecumenical Temple.
  5152 | D:6      | Reached skill level 2 in Polearms
  5152 | D:6      | Reached skill level 1 in Air Magic
  5504 | D:6      | Noticed Duvessa
  5504 | D:6      | Noticed Dowan
  5510 | D:6      | Killed Duvessa
  5511 | D:6      | Reached skill level 3 in Polearms
  5512 | D:6      | Killed Dowan
  5513 | D:6      | Reached XP level 9. HP: 65/65 MP: 8/17
  5710 | D:6      | Found a sparkling altar of Nemelex Xobeh.
  5710 | D:6      | Found an ancient bone altar of Kikubaaqudgha.
  5865 | D:7      | Reached skill level 4 in Polearms
  6147 | D:7      | Identified the +0 helmet "Hero's Friend" {rElec rCorr Int-2
                  | Dex+7}
  6288 | D:7      | Reached skill level 5 in Spellcasting
  6482 | D:7      | Reached skill level 5 in Fighting
  6550 | D:7      | Reached skill level 5 in Polearms
  6550 | D:7      | Reached skill level 5 in Armour
  6630 | D:7      | Reached skill level 1 in Conjurations
  7341 | D:8      | Found a broken altar of Ashenzari.
  7362 | D:8      | Reached XP level 10. HP: 50/74 MP: 13/19
  7518 | D:8      | Found a staircase to the Lair.
  7528 | D:8      | Reached skill level 6 in Polearms
  7661 | D:8      | Reached skill level 7 in Polearms
  8331 | D:9      | Reached skill level 1 in Invocations
  8448 | D:9      | Reached XP level 11. HP: 75/84 MP: 16/20
  8449 | D:9      | Reached skill level 8 in Polearms
  8501 | D:9      | Reached **** piety under Yredelemnul
  8715 | D:9      | Reached ***** piety under Yredelemnul
  9164 | D:10     | Entered Level 10 of the Dungeon
  9171 | D:10     | Found Hadghugas's Distillery.
  9288 | D:10     | Found a shimmering altar of Xom.
  9295 | D:10     | Reached skill level 9 in Polearms
  9730 | D:10     | Learned a level 3 spell: Vhi's Electric Charge
 10066 | D:10     | Noticed Joseph
 10081 | D:10     | Killed Joseph
 10276 | D:11     | Noticed a brown ugly thing
 10294 | D:11     | Killed a brown ugly thing
 10295 | D:11     | Reached skill level 5 in Invocations
 10324 | D:11     | Identified the +12 war axe of the Harvest {holy, rF+ rN+++
                  | Int-5 Dex+2}
 10629 | D:11     | Noticed a boulder beetle
 10642 | D:11     | Killed a boulder beetle
 10643 | D:11     | Reached skill level 10 in Polearms
 10643 | D:11     | Reached skill level 1 in Shields
 10905 | D:11     | Reached XP level 12. HP: 76/94 MP: 13/21
 11011 | D:11     | Noticed Fannar
 11032 | D:11     | HP: 3/94 [Fannar/staff of cold (17)]
 11032 | D:11     | HP: 1/94 [ice beast[Fannar] (2)]
 11032 | D:11     | Slain by an ice beast

Illustrated notes

Levels and vault maps discovered:
D:1:      dpeg_arrival_tiny_h, layout_loops_ring, serial_shops, shop,
          minmay_tromino_mix6
D:2:      cheibrodos_helix_gallery, layout_loops_ring, basic_altar
D:3:      layout_basic, gammafunk_ghost_necromancy, uniq_ijyb
D:4:      layout_loops_ring, lemuel_coloured_pillars_altar, kennysheep_potato
D:5:      layout_loops_cross, mainiacjoe_overflow_six_doors_small,
          mainiacjoe_overflow_boulevard, roderic_batcave, uniq_sigmund
D:6:      layout_gridville, minitemple, minmay_temple_entry_purple_smoke,
          uniq_duvessa
D:7:      layout_layer_cave
D:8:      layout_loops_ring, ashenzari_altar_1, minmay_lair_entry_grove
D:9:      layout_rooms, grunt_ministairs_7
D:10:     layout_basic, led_xom_imps, serial_shops, shop, uniq_joseph
D:11:     layout_layer_cave, hiddenorc1_lemuel, minmay_misc_feat_iff,
          uniq_fannar

Skill      XL: |  1  2  3  4  5  6  7  8  9 10 11 12 |
---------------+-------------------------------------+-----
Transmutations | 2 3 |  3.0
Fighting       | 1 2 3 4 5 7 8 |  8.7
Poison Magic   | 5 6 7 8 9 |  9.0
Armour         | 1 2 3 4 5 6 7 |  7.0
Spellcasting   | 3 4 5 |  5.0
Polearms       | 1 3 5 7 10 | 10.4
Air Magic      | 1 3 |  3.0
Conjurations   | 1 3 |  3.0
Invocations    | 1 5 |  5.8
Shields        | 3 4 |  4.1
Dodging        | |  1.7
Stealth        | |  2.4

Action                   |  1- 3 |  4- 6 |  7- 9 | 10-12 || total
-------------------------+-------+-------+-------+-------++-------
Melee: Unarmed           |    30 |       |       |       ||    30
       Dagger            |    39 |    42 |       |       ||    81
       Punch             |     2 |       |     2 |     2 ||     6
       Short sword       |       |    95 |    53 |       ||   148
       Halberd           |       |       |   141 |   188 ||   329
Throw: Dart              |     2 |     8 |     5 |     3 ||    18
       Throwing net      |       |       |       |     1 ||     1
 Cast: Sting             |    49 |    45 |    38 |    18 ||   150
       Olgreb's Toxic Ra |       |       |    15 |    32 ||    47
       Mephitic Cloud    |       |       |       |     1 ||     1
Invok: Recall Undead Har |       |       |       |     2 ||     2
       Bind Soul         |       |       |       |     2 ||     2
Evoke: Wand              |       |     3 |       |     5 ||     8
  Use: Potion            |       |     3 |     1 |     5 ||     9
       Scroll            |       |     5 |     4 |     3 ||    12
 Stab: Sleeping          |       |       |     3 |       ||     3
       Confused          |       |       |       |     1 ||     1
       Held in net/web   |       |       |       |     1 ||     1
       Distracted        |       |       |       |     2 ||     2
Armor: Robe              |     3 |       |       |       ||     3
       Ring mail         |    19 |    54 |    82 |    52 ||   207
       Leather armour    |     3 |       |       |       ||     3
Dodge: Dodged            |    51 |    72 |   117 |   103 ||   343
Block: Other             |       |    21 |    30 |    25 ||    76
       Buckler           |       |       |       |    17 ||    17

Table legend: (Time is in decaauts)
 A = Elapsed time spent in this place.
 B = Non-inter-level travel time spent in this place.
 C = Inter-level travel time spent in this place.
 D = Time resting spent in this place.
 E = Time spent auto-exploring this place.
 F = Levels seen in this place.
 G = Mean time per level.
                   A        B        C        D        E       F      G
               +--------+--------+--------+--------+--------+-----+--------+
         Total |  11093 |  10878 |    215 |   1016 |   7847 |  11 | 1008.5 |
       Dungeon |  11093 |  10878 |    215 |   1016 |   7847 |  11 | 1008.5 |
               +--------+--------+--------+--------+--------+-----+--------+

Top non-repeatable levels by time:
     D:7: 1488 daAuts
    D:10: 1106 daAuts
     D:3: 1093 daAuts
     D:2: 1091 daAuts
     D:1: 1054 daAuts
     D:8: 1007 daAuts
     D:5: 979 daAuts
     D:9: 904 daAuts
     D:4: 895 daAuts
    D:11: 764 daAuts
     D:6: 708 daAuts
